cohdb
Replays
Latest Replays
All Replays
Popular Replays
Top Player Replays
Match Explorer
How It Works
Community
CoH3 Stats
Reddit
Sign in to upload your games and track your stats! →
Sign in with Steam
Match 42091221
Unlisted
Match 42091221
Overview
Messages
Build Orders
End
Construct Barracks
Selects Armored Battlegroup
Selects Assault Engineers
Assault Engineer Squad
Riflemen Squad
Air Support Center
Grenade Package
Construct Weapon Support Center
Grasshopper Recon Run
M1 Mortar Team
Selects Fast Deploy
Construct Medical Station
Selects Field Repairs
P-47 Strafing Run
Construct Motor Pool
Bazooka Squad
Improved M9 Bazooka Rockets
.30 cal Machine Gun
Grasshopper Recon Run
.30 cal Machine Gun
M24 Chaffee Light Tank
P-47 Strafing Run
Grasshopper Recon Run
Selects War Machine
Bazooka Squad
P-47 Strafing Run
P-47 Dive Bomb
Construct Tank Depot
Selects Seek and Destroy
Selects UNKNOWN (2160077)
Bazooka Squad
Bazooka Squad
M1918 Browning Automatic Rifles
Riflemen Squad
Assault Engineer Squad
M1 Mortar Team
dog
DJ Scratch'n'Sniff
ItsBrettos
vonAJ
Baba Yaga
Rinzler
pvt.Paula [AUT]
насилий
0
0
Comments
sign in to comment!
No comments posted yet!